 Dungeon Crawl Stone Soup version bcrawl-1.37.2 (webtiles) character file.

Game seed: 17456438523131058956

27234418 zoran the Sorcerer (level 25, 174/174 HPs)
             Began as a Fairy Reaver on Dec 29, 2022.
             Was the Champion of Vehumet.
             Escaped with the Orb
             ... and 4 runes!
             The game lasted 03:21:51 (40661 turns).

zoran the Sorcerer (Fairy Reaver)                  Turns: 40661, Time: 03:21:51

Health: 174/174    AC: 21    Str:  9    XL:     25   Next: 91%
Magic:  43/43      EV: 32    Int: 33    God:    Vehumet [******]
Gold:   5086       SH: 11    Dex: 12    Spells: 9/73 levels left

rFire    + . .     GDR:     24% A - staff of cold
rCold    + + .     SeeInvis +   (shield currently unavailable)
rNeg     + . .     Gourm    .   (armour unavailable)
rPois    +         Faith    .   g - +4 hat "Xeaniug" {rC+}
rElec    .         Spirit   .   E - +0 cloak
rCorr    .         Reflect  .   Q - +0 pair of gloves "Nugeiff" {MR+ Regen+}
MR       ++++.                  I - +3 pair of boots of Untold Secrets {rPois Int+4}
Stlth    ..........             B - amulet of Gene {Inacc rPois rF+ rN+} (curse)
HPRegen  0.79/turn              m - ring of protection from magic
MPRegen  0.28/turn              U - ring of see invisible

@: flying evasively, studying Long Blades, deflect missiles
A: small, magic attunement, unstealthy, unfitting armour, deterioration 2, low
mp 2, able to fly, AC/SH +11
0: Orb of Zot
}: 4/15 runes: decaying, slimy, silver, gossamer
a: Stop Flying, Renounce Religion


You escaped.
You worshipped Vehumet.
Vehumet was exalted by your worship.
You were not hungry.

You visited 9 branches of the dungeon, and saw 43 of its levels.
You also visited: Sewer and Ossuary.

You collected 5788 gold pieces.
You spent 702 gold pieces at shops.

Inventory:

Missiles
 O - 4 throwing nets {=f}
Armour
 g - the +4 hat "Xeaniug" (worn) {rC+}
   (You acquired it on level 3 of the Spider Nest)

   It protects you from cold.
 E - a +0 cloak (worn)
 I - the +3 pair of boots of Untold Secrets (worn) {rPois Int+4}
   (You found it on level 11 of the Dungeon)

   It affects your intelligence (+4).
   It protects you from poison.
 P - a +2 buckler of reflection
 Q - the +0 pair of gloves "Nugeiff" (worn) {MR+ Regen+}
   (You acquired it on level 5 of the Pits of Slime)

   It affects your resistance to hostile enchantments.
   It increases your rate of regeneration.
Magical Staves
 A - an uncursed staff of cold (weapon)
Jewellery
 h - an uncursed ring of resist corrosion
 m - a ring of protection from magic (left hand)
 B - the cursed amulet of Gene (around neck) {Inacc rPois rF+ rN+}
   (You found it on level 5 of the Pits of Slime)

   [amulet of inaccuracy]

   It reduces the accuracy of all your attacks.
   It protects you from fire.
   It protects you from poison.
   It protects you from negative energy.
   It has a curse placed upon it.
 C - an uncursed amulet of magic regeneration
 U - a ring of see invisible (right hand)
 V - an uncursed ring of stealth
 W - an uncursed ring of protection from fire
 Y - an uncursed ring of protection from magic
Wands
 i - a wand of polymorph (14)
 p - a wand of paralysis (2)
 x - a wand of charming (2)
 D - a wand of clouds (2)
 S - a wand of iceblast (21)
Scrolls
 a - a scroll of enchant armour
 c - 2 scrolls of immolation
 d - 18 scrolls of remove curse
 k - 7 scrolls of blinking
 n - 2 scrolls of fog
 q - 9 scrolls of fear
 r - 3 scrolls of amnesia
 u - 3 scrolls of summoning
 y - 12 scrolls of teleportation
 G - 2 scrolls of silence
 N - 2 scrolls of vulnerability
Potions
 b - a potion of haste
 f - 6 potions of lignification
 j - 11 potions of curing
 o - 10 potions of mutation
 s - 4 potions of agility
 t - 6 potions of brilliance
 z - a potion of resistance
 H - 5 potions of heal wounds
 K - 4 potions of ambrosia
 T - a potion of cancellation
 Z - 3 potions of flight
Miscellaneous
 w - a fan of gales (2/2)
 X - a box of beasts
Comestibles
 e - 31 rations {!d}


   Skills:
 - Level 15.0 Fighting
   Level 10.0 Short Blades
 - Level 24.0 Dodging
 - Level 8.0 Shields
 + Level 24.9 Spellcasting
 - Level 16.0 Conjurations
 - Level 10.0 Charms
 - Level 15.0 Ice Magic
 - Level 15.0 Air Magic
 - Level 15.0 Earth Magic
 - Level 5.0 Poison Magic
 - Level 10.0 Evocations


You had 9 spell levels left.
You knew the following spells:

 Your Spells              Type           Power        Failure   Level  Hunger
i - Poison Arrow          Conj/Pois      #######...   1%          6    None
l - Blink                 Tloc           N/A          1%          2    None
o - Orb of Destruction    Conj           #######...   1%          7    None
p - Lehudib's Crystal Sp  Conj/Erth      #######...   1%          8    None
q - Freezing Cloud        Ice/Air        ########     1%          5    None
r - Irradiate             Conj/Tmut      #######...   1%          5    None
s - Deflect Missiles      Chrm/Air       #######...   1%          6    None
t - Sticky Flame          Conj/Fire      #######.     1%          4    None
u - Bolt of Cold          Conj/Ice       ########..   1%          6    None
w - Glaciate              Conj/Ice/Air   ########..   2%          8    None
y - Simulacrum            Ice/Necr       #######.     4%          6    None
z - Sting                 Conj/Pois      ####         0%          1    None

Your spell library contained the following spells:

 Spells                   Type           Power        Failure   Level  Hunger
 Chain Lightning          Conj/Air       #######...   1%          8    None
 Freeze                   Ice            ######       0%          1    None
 Infusion                 Chrm           #######.     0%          1    None
 Magic Dart               Conj           ####         0%          1    None
 Sandblast                Erth           ######       0%          1    None
 Static Discharge         Air            ######       0%          1    None
 Poisonous Vapours        Pois/Air       ######       0%          2    None
 Searing Ray              Conj           #######.     0%          2    None
 Shock                    Conj/Air       #######      0%          2    None
 Swiftness                Chrm/Air       #######.     0%          2    None
 Throw Frost              Conj/Ice       ######       0%          2    None
 Iskenderun's Mystic Bla  Conj           #######.     0%          3    None
 Mephitic Cloud           Conj/Pois/Air  #######.     0%          3    None
 Ozocubu's Armour         Chrm/Ice       ########     0%          3    None
 Airstrike                Air            #######...   0%          4    None
 Lightning Bolt           Conj/Air       #######.     0%          4    None
 Throw Icicle             Conj/Ice       ########     0%          4    None
 Apportation              Tloc           #####.       1%          1    None
 Blink Other              Tloc           #####.       1%          1    None
 Corona                   Hex            #####..      1%          1    None
 Slow                     Hex            #####...     1%          1    None
 Summon Butterflies       Summ           #####...     1%          1    None
 Call Imp                 Summ           #####.       1%          2    None
 Ensorcelled Hibernation  Hex/Ice        ######       1%          2    None
 Flaming Arrows           Chrm/Fire      ######..     1%          2    None
 Beckoning                Tloc           #####.....   1%          3    None
 Confuse                  Hex            #####...     1%          3    None
 Conjure Flame            Conj/Fire      #######.     1%          3    None
 Dazzling Orbs            Conj/Hex       #######      1%          3    None
 Portal Projectile        Tloc           #####.       1%          3    None
 Recall                   Summ/Tloc      N/A          1%          3    None
 Regeneration             Chrm/Necr      ######....   1%          3    None
 Spider Form              Tmut/Pois      ###          1%          3    None
 Teleport Other           Tloc           #####...     1%          3    None
 Tukima's Dance           Hex            #####...     1%          3    None
 Fulminant Prism          Conj/Hex       #######...   1%          4    None
 Ice Form                 Ice/Tmut       #######.     1%          4    None
 Summon Ice Beast         Ice/Summ       #######.     1%          4    None
 Iskenderun's Battlesphe  Conj/Chrm      #######.     1%          5    None
 Metabolic Englaciation   Hex/Ice        #######...   1%          5    None
 Silence                  Hex/Air        ######....   1%          5    None
 Iron Shot                Conj/Erth      #######...   1%          6    None
 Steam Barrier            Chrm/Fire      ######....   2%          5    None
 Mana Rupture             Conj/Hex       #######...   5%          7    None
 Animate Dead             Necr           N/A          6%          4    None
 Cause Fear               Hex            #####.....   6%          4    None
 Force Lance              Tloc           #####...     6%          4    None
 Death Channel            Chrm/Necr      ######....   12%         6    None
 Dispel Undead            Necr           #####...     17%         5    None
 Summon Demon             Summ           #####.....   17%         5    None
 Summon Forest            Summ/Tloc      #####.....   17%         5    None
 Summon Mana Viper        Hex/Summ       #####...     17%         5    None
 Infestation              Hex/Tmut/Pois  ######...    43%         6    None
 Tornado                  Tloc/Air       ######....   43%         8    None
 Aura of Abjuration       Summ           #####.....   67%         6    None
 Dispersal                Tloc           #####.....   67%         6    None
 Controlled Blink         Tloc           #####...     99%         7    None
 Discord                  Hex            #####.....   99%         7    None
 Shadow Creatures         Summ           N/A          99%         7    None
 Time Stop                Chrm/Tloc      N/A          99%         8    None
 Passage of Golubria      Tloc           Unusable     N/A         5    N/A

Dungeon Overview and Level Annotations

Branches:
Dungeon (12/12)            Temple (0/1) D:5            Lair (6/6) D:7
  Swamp (3/3) Lair:4       Spider (3/3) Lair:3        Slime (5/5) Lair:5
    Orc (1/1) D:10            Elf (0/3) Orc          Vaults (3/3) D:12
  Crypt (0/2) Vaults:1     Depths (5/5) D:12            Zot (5/5) Depths:5

Altars:
Dithmenos
Elyvilon
Fedhas
Lugonu
Nemelex Xobeh
Ru
Xom
Jiyva

Shops:
D:9 ?:*   Orc *=!(%}*(=

Portals:
Hell: Depths:1
Abyss: Zot:4
Ziggurat: Depths:1

Annotations:
Lair:3 exclusion: 4 oklob plants


Innate Abilities, Weirdness & Mutations

Your spells do not cause hunger and MP costs are reduced by 1.
Your bright wings attract enemies. (Stealth-)
You cannot fit into any form of body armour.
Your shimmering scales are hard and can block incoming attacks. (AC +11, SH +11)
You are small and have problems with some larger weapons.
You can fly continuously.
Your body often deteriorates upon taking damage.
Your magical capacity is very low. (-20% MP)


Message History

(N) Spider Nest (M) Slime Pits (O) Orcish Mines (E) Elven Halls (V) Vaults (C) Crypt (U) Depths (H) Hell (Z) Zot
Where to? (Enter - D:1 @ (x,y), ? - help)
There is a stone staircase leading up here.
You fly upwards.
There is a stone staircase leading down here.
You see here a +0 club.
There is an escape hatch in the ceiling here.
A mysterious force pulls you upwards. The hatch slams shut behind you.
There is a stone staircase leading up here.
Magic restored.
You fly upwards.
There is a stone staircase leading down here.
Magic restored.
You see here a +0 club.
You use a rune to identify the item.
You see here a +0 leather armour.
There is a staircase leading out of the dungeon here.
You have escaped!

#########.##..........#
#.....) #.##.######.#)#
#...... #......# ##..#
#...... ####.#.#####..#
#...... #...##....##
#######
################....#
#........# ##[...#
#........# #.8...#
##### #........#
#@....# #...#
#........# #.8...#
#...# #........#
##....# #...#
##.......)# #....#
#...# ).........#
#....#####...##
##........##
####.##.......#
[..........#
#.##.......#
######.....#
#.......)..###
.....#.....#
####..........


There were no monsters in sight!

Vanquished Creatures
  the Royal Jelly (Slime:5)
  A juggernaut (Vaults:3)
  4 orbs of fire (Zot:5)
  6 ancient liches (Zot:5)
  3 Killer Klowns
  8 golden dragons
  Bai Suzhen (Spider:2)
  Gastronok (Lair:1)
  A profane servitor (Zot:5)
  3 rockslimes
  2 Brimstone Fiends (D:4)
  3 electric golems (Zot:5)
  A Shadow Fiend (D:4)
  An Orb Demon (Zot:4)
  9 tentacled monstrosities
  A hellephant (Depths:4)
  Jorgrun (D:11)
  Frances (Swamp:1)
  An Ice Fiend (Depths:1)
  25 Orb Guardians
  Rupert (D:12)
  A lich (Depths:5)
  A Hell Sentinel (Depths:1)
  3 quicksilver dragons
  Asterion (Vaults:1)
  A titan (Vaults:3)
  21 acid blobs
  5 death cobs
  An Executioner (D:5)
  3 sphinxes
  10 storm dragons
  Donald (Spider:2)
  7 shadow dragons
  2 thorn hunters (Swamp:3)
  Kirke (Swamp:2)
  A daeva (Zot:5)
  2 draconian knights
  A war gargoyle (Vaults:2)
  5 tengu reavers (Vaults:3)
  6 ghost moths
  6 azure jellies
  3 frost giants
  3 fire giants
  11 emperor scorpions
  A draconian shifter (Zot:2)
  A curse skull (Vaults:1)
  4 vault wardens
  3 draconian annihilators
  2 orc warlords
  4 spriggan defenders (Depths:5)
  10 stone giants
  2 draconian scorchers (Zot:4)
  11 ironheart preservers
  2 eyes of devastation (Zot:3)
  2 draconian stormcallers
  12 very ugly things
  3 green draconians
  2 entropy weavers
  8 black draconians
  4 white draconians
  4 purple draconians
  4 yellow draconians
  A deep elf demonologist (Vaults:3)
  5 red draconians
  A lorocyproca (Depths:5)
  5 dire elephants
  A deep elf annihilator (Vaults:3)
  A green death (D:4)
  2 spark wasps (Depths:5)
  4 ettins
  Josephine (Swamp:1)
  7 fire dragons
  A deep elf high priest (Vaults:3)
  8 yaktaur captains
  Fannar (Lair:2)
  13 hydras
  2 spriggan air magi (Depths:5)
  2 rakshasas
  26 vault guards
  2 anacondas
  7 ogre magi
  7 ice dragons
  4 great orbs of eyes
  A death knight (Vaults:1)
  9 alligators
  2 shambling mangroves (Swamp:3)
  22 two-headed ogres
  5 deep troll shamans
  2 tengu warriors (Depths:2)
  7 death oozes
  4 death yaks
  A spriggan berserker (Depths:5)
  7 deep troll earth magi
  2 ironheart beastmasters
  2 sun demons (Zot:2)
  2 deep elf knights
  14 deep trolls
  6 centaur warriors
  2 spriggan druids
  5 iron trolls (Depths:5)
  A skeletal warrior (D:11)
  7 wizards
  A gelid demonspawn (D:7)
  An unseen horror (shapeshifter) (Vaults:3)
  A flayed ghost (Vaults:3)
  9 swamp dragons
  5 orange crystal statues
  An unseen horror (D:11)
  3 deep elf archers
  2 wolf spider zombies
  3 phantasmal warriors
  A necromancer (Vaults:1)
  8 ironheart convokers
  21 wolf spiders
  5 orc knights (D:10)
  37 ugly things
  6 cyclopes
  15 orb spiders
  2 orc sorcerers
  2 manticores (D:12)
  3 deep elf magi
  4 shining eyes
  A salamander (D:12)
  A shining eye (shapeshifter) (Vaults:3)
  12 moths of wrath
  3 black mambas
  A rust devil (Depths:5)
  18 cane toads
  7 vault sentinels
  2 gargoyles
  A kobold demonologist (D:12)
  A hellion (D:7)
  24 jumping spiders
  8 demonic crawlers
  A yaktaur (shapeshifter) (Vaults:1)
  3 freezing wraiths
  7 rime drakes
  21 yaktaurs
  An eye of draining (D:11)
  11 komodo dragons
  An ice devil (D:7)
  3 meliai (Spider:3)
  13 trolls
  A tengu conjurer (Depths:1)
  3 red devils
  A wind drake (shapeshifter) (D:11)
  15 hornets
  3 queen bees
  Grinder (D:6)
  10 polar bears
  4 hippogriffs
  10 tyrant leeches
  3 harpy skeletons
  12 blink frogs
  72 slime creatures
  4 bog bodies
  8 dream sheep (Lair:6)
  A meliai zombie (D:11)
  A hippogriff (shapeshifter) (Depths:5)
  2 shadows
  10 wraiths
  23 tarantellas
  17 spriggans
  4 wyverns (Lair:3)
  A vampire (D:11)
  5 water elementals (D:12)
  49 yaks
  4 hogs (Swamp:2)
  3 basilisks
  A neqoxec (D:11)
  8 humans
  20 vampire mosquitoes
  A hungry ghost (D:10)
  70 redbacks
  A redback (shapeshifter) (Vaults:3)
  4 wargs
  11 swamp worms
  8 crocodiles
  9 water moccasins
  2 acid dragons
  11 porcupines
  9 swamp drakes
  10 orc warriors
  2 ice beasts
  3 sky beasts
  A swamp drake (shapeshifter) (Vaults:3)
  6 black bears
  2 phantoms
  A necrophage (D:10)
  20 wolves
  5 boggarts (Lair:6)
  31 ogres
  15 kobold brigands
  12 bullfrogs
  A gnoll sergeant (D:8)
  10 centaurs
  7 scorpions
  74 killer bees
  13 wights
  A howler monkey (D:11)
  6 electric eels
  13 orc priests
  6 crimson imps
  A quasit (D:11)
  3 hounds
  6 jellies
  A bullfrog skeleton (D:8)
  11 orc wizards
  2 iguanas
  5 worker ants
  3 mummies (Ossuary)
  A howler monkey zombie (D:3)
  2 worker ant zombies
  3 gnolls (D:8)
  A howler monkey skeleton (D:6)
  2 river rats
  11 adders
  5 shadow imps
  7 oozes
  4 adder zombies
  7 worms
  3 dart slugs (D:1)
  A leopard gecko (D:2)
  51 orcs
  6 bats
  4 giant cockroaches
  12 hobgoblins
  5 jackals
  2 quokkas (D:3)
  4 ball pythons
  5 frilled lizards
  A gnoll zombie (Ossuary)
  9 goblins
  2 hobgoblin zombies (Ossuary)
  32 kobolds
  4 kobold zombies (Ossuary)
  An orc zombie (Ossuary)
  2 quokka skeletons (D:4)
  13 rats
  3 blocks of ice (Zot:5)
  A lurking horror (Zot:4)
1619 creatures vanquished.

Vanquished Creatures (collateral kills)
  An Orb Guardian (D:5)
  A quicksilver dragon (Zot:1)
  A spriggan air mage (Depths:5)
3 creatures vanquished.

Vanquished Creatures (others)
  An ettin (Depths:5)
  Urug (D:12)
  A centaur warrior (D:12)
  An unseen horror (D:11)
  An ugly thing (D:11)
  6 humans
  A swamp drake (Swamp:1)
  A bullfrog (D:11)
  A worker ant (D:11)
  2 adders (D:11)
  An orc (Orc)
  179 blocks of ice
  3 bushes
  35 fungi
  24 plants
258 creatures vanquished.

Grand Total: 1880 creatures vanquished

Notes
Turn   | Place    | Note
-------+----------+-------------------------------------------
     0 | D:1      | zoran the Fairy Reaver began the quest for the Orb.
     0 | D:1      | Reached XP level 1. HP: 15/15 MP: 6/6
   190 | D:1      | Reached XP level 2. HP: 18/20 MP: 7/7
   593 | D:1      | Reached XP level 3. HP: 25/26 MP: 9/9
   697 | D:1      | Reached * piety under Vehumet
   697 | D:1      | Offered knowledge of Sting by Vehumet.
   705 | D:1      | Learned a level 1 spell: Sting
  1192 | D:2      | Found a faded altar of an unknown god.
  1424 | D:2      | Reached skill level 1 in Conjurations
  1440 | D:2      | Reached XP level 4. HP: 31/31 MP: 11/11
  1497 | D:2      | Offered knowledge of Freeze by Vehumet.
  1505 | D:2      | Reached ** piety under Vehumet
  1652 | D:2      | Found a shadowy altar of Dithmenos.
  2150 | D:3      | Reached XP level 5. HP: 33/36 MP: 12/12
  2253 | D:3      | Noticed an ice beast
  2270 | D:2      | Reached skill level 5 in Dodging
  2326 | D:3      | Noticed a sky beast
  2345 | D:3      | Killed a sky beast
  2345 | D:3      | Offered knowledge of Ignite Poison by Vehumet.
  2346 | D:3      | Reached XP level 6. HP: 42/42 MP: 12/14
  2383 | D:3      | Found a glowing drain.
  2536 | Sewer    | Entered a sewer
  2765 | Sewer    | Reached XP level 7. HP: 43/47 MP: 14/16
  2785 | Sewer    | Reached *** piety under Vehumet
  2855 | Sewer    | Reached skill level 5 in Spellcasting
  2855 | Sewer    | Reached skill level 5 in Conjurations
  3097 | Sewer    | Reached skill level 5 in Short Blades
  3161 | Sewer    | Reached XP level 8. HP: 54/54 MP: 17/17
  3176 | Sewer    | Reached skill level 5 in Fighting
  3267 | Sewer    | Offered knowledge of Lightning Bolt by Vehumet.
  3275 | Sewer    | Learned a level 4 spell: Lightning Bolt
  3304 | Sewer    | Learned a level 5 spell: Iskenderun's Battlesphere
  3867 | D:4      | Found a blossoming altar of Fedhas.
  3898 | D:4      | Got a warped iron amulet
  4271 | D:5      | Entered Level 5 of the Dungeon
  4271 | D:5      | Found a sacrificial altar of Ru.
  4274 | D:5      | Noticed a troll
  4303 | D:5      | Found a staircase to the Ecumenical Temple.
  4564 | D:5      | Found a sand-covered staircase.
  4572 | D:5      | Noticed a two-headed ogre
  4647 | D:5      | Reached **** piety under Vehumet
  4660 | D:5      | Killed a two-headed ogre
  4661 | D:5      | Reached XP level 9. HP: 22/61 MP: 18/18
  4930 | D:5      | Offered knowledge of Sticky Flame by Vehumet.
  4949 | Ossuary  | Entered an ossuary
  4975 | Ossuary  | Learned a level 4 spell: Sticky Flame
  5102 | Ossuary  | Reached skill level 1 in Evocations
  5334 | Ossuary  | Identified the amulet "Nufouwaf" {Inacc Int+4} (You found
                  | it on level 4 of the Dungeon)
  5436 | D:5      | Killed a troll
  5437 | D:5      | Reached skill level 10 in Short Blades
  6140 | D:6      | Noticed Grinder
  6145 | D:6      | Killed Grinder
  6146 | D:6      | Reached XP level 10. HP: 66/66 MP: 20/22
  6224 | D:6      | Reached ***** piety under Vehumet
  6224 | D:6      | Offered knowledge of Poison Arrow by Vehumet.
  6232 | D:6      | Learned a level 6 spell: Poison Arrow
  6707 | D:7      | Found a white marble altar of Elyvilon.
  6774 | D:6      | Reached skill level 1 in Poison Magic
  7387 | D:7      | Found a staircase to the Lair.
  7530 | Lair:1   | Entered Level 1 of the Lair of Beasts
  7559 | Lair:1   | Reached skill level 5 in Evocations
  7634 | Lair:1   | Noticed a cane toad
  7640 | Lair:1   | Killed a cane toad
  7854 | Lair:1   | Noticed Gastronok
  7861 | Lair:1   | Killed Gastronok
  7862 | Lair:1   | Reached skill level 10 in Spellcasting
  7862 | Lair:1   | Reached skill level 10 in Conjurations
  7862 | Lair:1   | Reached skill level 5 in Poison Magic
  7862 | Lair:1   | Reached XP level 11. HP: 72/72 MP: 6/27
  8670 | Lair:2   | Noticed Fannar
  8675 | Lair:2   | Killed Fannar
  9567 | Lair:3   | Reached XP level 12. HP: 74/85 MP: 14/28
  9604 | Lair:3   | Reached skill level 10 in Fighting
 10050 | Lair:3   | Reached skill level 10 in Dodging
 10562 | Lair:3   | Found a hole to the Spider Nest.
 10853 | Lair:4   | Found a staircase to the Swamp.
 10988 | Lair:4   | Offered knowledge of Mana Rupture by Vehumet.
 11129 | Lair:4   | Reached XP level 13. HP: 84/92 MP: 17/31
 11136 | Lair:4   | Learned a level 6 spell: Deflect Missiles
 11173 | Lair:4   | Reached skill level 1 in Charms
 11173 | Lair:4   | Reached skill level 1 in Air Magic
 11995 | Lair:4   | Learned a level 5 spell: Irradiate
 12302 | Lair:5   | Found a viscous altar of Jiyva.
 12302 | Lair:5   | Found a staircase to the Slime Pits.
 12846 | Lair:6   | Entered Level 6 of the Lair of Beasts
 12876 | Lair:5   | Reached skill level 5 in Air Magic
 13078 | Lair:6   | Reached skill level 5 in Charms
 13317 | Lair:6   | Got a blackened helmet
 13328 | Lair:6   | Identified the +1 helmet of the Sea {rPois} (You found it
                  | on level 6 of the Lair of Beasts)
 13711 | Lair:6   | Reached XP level 14. HP: 99/99 MP: 22/32
 13876 | Lair:6   | Reached skill level 10 in Air Magic
 13997 | Lair:6   | Reached ****** piety under Vehumet
 14026 | Lair:6   | Offered knowledge of Fireball by Vehumet.
 16090 | D:9      | Found Ymulukku's Magic Scroll Boutique.
 16302 | D:9      | Found Fyes's General Store.
 16312 | D:9      | Bought a scroll of identify for 26 gold pieces
 16313 | D:9      | Bought a scroll of acquirement for 676 gold pieces
 16313 | D:9      | Identified the +3 buckler of Midnight {rF- rC+ Int+2} (You
                  | acquired it on level 9 of the Dungeon)
 16313 | D:9      | Identified the ring "Saops" {rF- rC+ rN+ MR+ Int+4} (You
                  | acquired it on level 9 of the Dungeon)
 16470 | D:9      | Found Rurphiq's Book Emporium.
 16867 | D:10     | Entered Level 10 of the Dungeon
 17289 | D:10     | Offered knowledge of Orb of Destruction by Vehumet.
 17561 | D:10     | Reached XP level 15. HP: 103/103 MP: 32/34
 17570 | D:10     | Learned a level 7 spell: Orb of Destruction
 17703 | D:10     | Found a staircase to the Orcish Mines.
 17831 | D:10     | Found a sparkling altar of Nemelex Xobeh.
 18097 | Orc      | Entered the Orcish Mines
 18873 | Orc      | Offered knowledge of Bolt of Cold by Vehumet.
 18906 | Orc      | Learned a level 6 spell: Bolt of Cold
 18925 | Orc      | Reached skill level 1 in Ice Magic
 18996 | Orc      | Found Gurrekem's General Store.
 19000 | Orc      | Found a staircase to the Elven Halls.
 19116 | Orc      | Reached XP level 16. HP: 91/109 MP: 4/35
 19307 | Orc      | Found Qusmaapp's Distillery.
 19328 | Orc      | Found Muechat's Jewellery Shoppe.
 19330 | Orc      | Found Myist's Food Boutique.
 19350 | Orc      | Found Hounir's Weapon Shop.
 19351 | Orc      | Found Irumuizo's Gadget Shoppe.
 19361 | Orc      | Found Huireih's General Store.
 19373 | Orc      | Found Cimof's Antique Weapon Shop.
 19442 | Orc      | Found Cyloduunki's Jewellery Shop.
 19985 | D:11     | Found a shimmering altar of Xom.
 20396 | D:11     | Noticed a frost giant
 20400 | D:11     | Killed a frost giant
 20481 | D:11     | Noticed Jorgrun
 20483 | D:11     | Reached skill level 5 in Ice Magic
 20740 | D:11     | Reached skill level 10 in Evocations
 20900 | D:11     | Found the +15 Maxwell's patent armour {-Cast -Tele rElec
                  | MR+ rCorr}
 21298 | D:11     | Killed Jorgrun
 21643 | D:11     | Got a pair of encrusted boots
 21649 | D:11     | Identified the +3 pair of boots of Untold Secrets {rPois
                  | Int+4} (You found it on level 11 of the Dungeon)
 22159 | D:12     | Entered Level 12 of the Dungeon
 22159 | D:12     | Found a gate to the Vaults.
 22159 | D:12     | Noticed Urug
 22159 | D:12     | Noticed Rupert
 22162 | D:12     | Killed Urug
 22166 | D:11     | Offered knowledge of Iron Shot by Vehumet.
 22601 | D:12     | Reached skill level 10 in Charms
 22603 | D:12     | Identified the +0 hat of Xom's Hatred {rPois Dex+2 Slay+5}
                  | (You acquired it on level 12 of the Dungeon)
 23028 | D:12     | Reached skill level 15 in Dodging
 23160 | D:12     | Killed Rupert
 23673 | D:12     | Found a staircase to the Depths.
 24280 | Swamp:1  | Entered Level 1 of the Swamp
 24280 | Swamp:1  | Noticed Josephine
 24287 | Swamp:1  | Killed Josephine
 24436 | Swamp:1  | Offered knowledge of Ozocubu's Refrigeration by Vehumet.
 24478 | Swamp:1  | Reached XP level 17. HP: 74/115 MP: 9/37
 24584 | Swamp:1  | Noticed Frances
 24589 | Swamp:1  | Killed Frances
 24911 | Swamp:1  | Reached skill level 15 in Spellcasting
 25779 | Swamp:2  | Got a pair of slimy boots
 25790 | Swamp:2  | Identified the +2 pair of boots "Soczebio" {*Contam rF-
                  | Dex+6} (You found it on level 2 of the Swamp)
 26202 | Swamp:2  | Noticed Kirke
 26212 | Swamp:2  | Killed Kirke
 26594 | Swamp:3  | Entered Level 3 of the Swamp
 26653 | Swamp:2  | Learned a level 5 spell: Freezing Cloud
 26686 | Swamp:3  | Reached skill level 10 in Ice Magic
 27845 | Swamp:3  | Got a decaying rune of Zot
 28093 | Spider:1 | Entered Level 1 of the Spider Nest
 28568 | Spider:1 | Offered knowledge of Lehudib's Crystal Spear by Vehumet.
 28568 | Spider:1 | Offered knowledge of Glaciate by Vehumet.
 28568 | Spider:1 | Offered knowledge of Chain Lightning by Vehumet.
 28754 | Spider:1 | Reached XP level 18. HP: 100/120 MP: 27/41
 29604 | Spider:2 | Noticed Donald
 29620 | Spider:2 | Killed Donald
 29625 | Spider:2 | Noticed Bai Suzhen
 29847 | Spider:1 | Learned a level 8 spell: Glaciate
 30306 | Spider:2 | Killed Bai Suzhen
 30636 | Spider:3 | Entered Level 3 of the Spider Nest
 31689 | Spider:3 | Identified the +4 hat "Xeaniug" {rC+} (You acquired it on
                  | level 3 of the Spider Nest)
 32333 | Spider:3 | Reached XP level 19. HP: 119/126 MP: 5/43
 32489 | Spider:3 | Got a gossamer rune of Zot
 32778 | Slime:1  | Entered Level 1 of the Pits of Slime
 32821 | Slime:1  | Learned a level 2 spell: Blink
 33018 | Slime:5  | Entered Level 5 of the Pits of Slime
 33042 | Slime:5  | Reached skill level 15 in Conjurations
 33043 | Slime:5  | Noticed the Royal Jelly
 33050 | Slime:5  | Killed the Royal Jelly
 33138 | Slime:5  | Reached skill level 15 in Ice Magic
 33195 | Slime:5  | Identified the +0 pair of gloves "Nugeiff" {MR+ Regen+}
                  | (You acquired it on level 5 of the Pits of Slime)
 33195 | Slime:5  | Identified the amulet of Nixosae {Regen rN++ Str+3} (You
                  | acquired it on level 5 of the Pits of Slime)
 33195 | Slime:5  | Identified Mydaih's Papyrus of the Enchanting Frostbite
                  | (You acquired it on level 5 of the Pits of Slime)
 33213 | Slime:5  | Identified the +8 great mace of Currency {crush, rF+ MP+9
                  | Dex+2 SInv}
 33230 | Slime:5  | Identified the Incunabulum of the Dislocated Entourage
 33247 | Slime:5  | Got a slimy rune of Zot
 33261 | Slime:5  | Identified the +8 quarterstaff "Tuatom" {drain, Int-2
                  | Dex+4}
 33329 | Slime:5  | Identified the cursed amulet of Gene {Inacc rPois rF+ rN+}
 33348 | Slime:5  | Identified the ring of Xoapt {MR- Str+3 Int+6}
 33349 | Slime:5  | Identified the cursed ring "Ryossiule" {rPois Stlth--}
 33350 | Slime:5  | Identified Raghezin's Grimoire of Excruciating Aid
 33685 | Vaults:1 | Entered Level 1 of the Vaults
 33715 | Vaults:1 | Reached skill level 15 in Air Magic
 33725 | Vaults:1 | Reached XP level 20. HP: 132/132 MP: 32/44
 34170 | Vaults:1 | Noticed Asterion
 34172 | Vaults:1 | Killed Asterion
 34233 | Vaults:1 | Found a staircase to the Crypt.
 34770 | Vaults:3 | Entered Level 3 of the Vaults
 34775 | Vaults:3 | Reached XP level 21. HP: 149/149 MP: 45/45
 34777 | Vaults:3 | Noticed a juggernaut
 34783 | Vaults:3 | Killed a juggernaut
 34784 | Vaults:3 | Reached skill level 15 in Fighting
 35498 | Vaults:3 | Noticed a juggernaut
 35501 | Vaults:3 | Reached XP level 22. HP: 157/157 MP: 46/46
 35560 | Vaults:3 | Got a silver rune of Zot
 35780 | Depths:1 | Entered Level 1 of the Depths
 35799 | Depths:1 | Found a gateway to a ziggurat.
 35809 | Depths:1 | Reached skill level 1 in Shields
 35877 | Depths:1 | Found a gateway to Hell.
 36013 | Depths:3 | Noticed a rockslime
 36021 | Depths:3 | Killed a rockslime
 36022 | Depths:3 | Reached skill level 5 in Shields
 36224 | Depths:5 | Entered Level 5 of the Depths
 36230 | Depths:5 | Noticed a rockslime
 36240 | Depths:5 | Killed a rockslime
 36367 | Depths:5 | Learned a level 8 spell: Lehudib's Crystal Spear
 36412 | Depths:5 | Reached skill level 1 in Earth Magic
 36563 | Depths:5 | Noticed a golden dragon
 36580 | Depths:5 | Killed a golden dragon
 36630 | Depths:5 | Reached skill level 5 in Earth Magic
 36842 | Depths:5 | Noticed a golden dragon
 36858 | Depths:5 | Killed a golden dragon
 36981 | Depths:5 | Noticed a golden dragon
 36988 | Depths:5 | Killed a golden dragon
 36989 | Depths:5 | Reached XP level 23. HP: 156/162 MP: 31/48
 37069 | Depths:5 | Found a gate to the Realm of Zot.
 37079 | Zot:1    | Entered Level 1 of the Realm of Zot
 37146 | Zot:1    | Identified the ring "Geodoyr" {Fire *Contam +Fly rPois}
 37174 | Zot:2    | Noticed a golden dragon
 37181 | Zot:2    | Killed a golden dragon
 37187 | Zot:2    | Noticed a Killer Klown
 37253 | Zot:2    | Noticed a golden dragon
 37255 | Zot:2    | Killed a Killer Klown
 37256 | Zot:2    | Reached skill level 10 in Earth Magic
 37264 | Zot:1    | Killed a golden dragon
 37356 | Zot:2    | Noticed a golden dragon
 37367 | Zot:2    | Killed a golden dragon
 37790 | Zot:3    | Noticed a golden dragon
 37799 | Zot:3    | Killed a golden dragon
 37800 | Zot:3    | Noticed a golden dragon
 37884 | Zot:3    | Killed a golden dragon
 37911 | Zot:3    | Reached XP level 24. HP: 132/169 MP: 0/50
 38108 | Zot:4    | Found a one-way gate to the infinite horrors of the Abyss.
 38109 | Zot:4    | Found a corrupted altar of Lugonu.
 38183 | Zot:5    | Entered Level 5 of the Realm of Zot
 38914 | Zot:5    | Noticed an ancient lich
 38916 | Zot:5    | Killed an ancient lich
 38916 | Zot:5    | Noticed an ancient lich
 38922 | Zot:5    | Killed an ancient lich
 38923 | Zot:5    | Reached skill level 15 in Earth Magic
 39039 | Zot:5    | Noticed an orb of fire
 39039 | Zot:5    | Noticed an orb of fire
 39041 | Zot:5    | Gained mutation: Your magical capacity is low. (-10% MP)
                  | [an orb of fire]
 39042 | Zot:5    | Gained mutation: Your body sometimes deteriorates upon
                  | taking damage. [an orb of fire]
 39042 | Zot:5    | Gained mutation: Your body often deteriorates upon taking
                  | damage. [an orb of fire]
 39042 | Zot:5    | Noticed a Killer Klown
 39043 | Zot:5    | Killed an orb of fire
 39044 | Zot:5    | Killed an orb of fire
 39048 | Zot:5    | Killed a Killer Klown
 39053 | Zot:5    | Noticed a Killer Klown
 39059 | Zot:5    | Killed a Killer Klown
 39178 | Zot:5    | Noticed an orb of fire
 39182 | Zot:5    | Killed an orb of fire
 39183 | Zot:5    | Noticed an ancient lich
 39194 | Zot:5    | Killed an ancient lich
 39276 | Zot:5    | Reached XP level 25. HP: 162/174 MP: 23/45
 39285 | Zot:5    | Gained mutation: Your magical capacity is very low. (-20%
                  | MP) [the power of Zot]
 39285 | Zot:5    | Noticed an ancient lich
 39357 | Zot:5    | Learned a level 6 spell: Simulacrum
 39392 | Zot:5    | Killed an ancient lich
 39641 | Zot:5    | Noticed an orb of fire
 39644 | Zot:5    | Killed an orb of fire
 39656 | Zot:5    | Noticed an ancient lich
 39665 | Zot:5    | Killed an ancient lich
 39679 | Zot:5    | Noticed an ancient lich
 39685 | Zot:5    | Killed an ancient lich
 39754 | Zot:5    | Got the Orb of Zot
 40661 | D:$      | Escaped with the Orb!

Skill      XL: |  1  2  3  4  5  6  7  8  9 10 11 12 13 14 15 16 17 18 19 20 21 22 23 24 25 |
---------------+----------------------------------------------------------------------------+-----
Spellcasting   | 3 4 5 6 10 12 13 14 17 18 19 21 24 | 24.9
Fighting       | 3 4 5 6 9 10 14 15 | 15.0
Conjurations   | 1 2 3 4 5 6 10 12 14 15 16 | 16.0
Dodging        | 5 10 11 12 15 19 20 21 24 | 24.0
Short Blades   | 4 5 9 10 | 10.0
Evocations     | 4 5 8 9 10 | 10.0
Poison Magic   | 5 |  5.0
Charms         | 5 6 8 10 | 10.0
Air Magic      | 9 10 11 15 | 15.0
Ice Magic      | 1 5 10 12 15 | 15.0
Shields        | 8 |  8.0
Earth Magic    | 8 11 15 | 15.0

Action                   |  1- 3 |  4- 6 |  7- 9 | 10-12 | 13-15 | 16-18 | 19-21 | 22-24 | 25-27 || total
-------------------------+-------+-------+-------+-------+-------+-------+-------+-------+-------++-------
Melee: Rapier            |    92 |    57 |    51 |       |       |       |       |       |       ||   200
       Short sword       |       |       |   249 |    71 |       |       |       |       |       ||   320
       Staff             |       |       |       |    10 |    23 |    34 |     1 |     4 |     3 ||    75
Throw: Tomahawk          |       |       |     5 |       |       |       |       |       |       ||     5
 Cast: Sting             |    29 |   108 |   160 |   248 |   265 |   262 |    29 |     4 |       ||  1105
       Lightning Bolt    |       |       |    19 |    31 |    37 |       |       |       |       ||    87
       Sticky Flame      |       |       |    10 |    47 |    70 |    32 |     4 |     6 |       ||   169
       Iskenderun's Batt |       |       |     2 |    24 |    25 |     9 |       |       |       ||    60
       Poison Arrow      |       |       |       |    44 |   227 |   502 |    95 |   140 |    25 ||  1033
       Orb of Destructio |       |       |       |       |     6 |    49 |     7 |    43 |    17 ||   122
       Deflect Missiles  |       |       |       |       |     1 |       |       |       |       ||     1
       Bolt of Cold      |       |       |       |       |       |    45 |     7 |     1 |       ||    53
       Freezing Cloud    |       |       |       |       |       |    76 |     8 |       |       ||    84
       Irradiate         |       |       |       |       |       |     2 |     1 |     3 |       ||     6
       Glaciate          |       |       |       |       |       |       |   114 |   125 |    37 ||   276
       Lehudib's Crystal |       |       |       |       |       |       |       |    13 |    18 ||    31
Evoke: Wand              |       |       |     5 |     2 |     7 |    36 |    16 |    13 |     7 ||    86
       Fan of gales      |       |       |       |       |       |     4 |     2 |     1 |       ||     7
       Phantom mirror    |       |       |       |       |       |       |       |     3 |     1 ||     4
       Box of beasts     |       |       |       |       |       |       |       |     1 |     2 ||     3
  Use: Scroll            |       |     2 |    10 |     8 |     7 |     9 |     3 |     6 |     2 ||    47
       Potion            |       |       |     2 |       |     1 |     5 |     2 |     1 |     2 ||    13
 Stab: Paralysed         |       |       |     5 |     1 |       |     9 |       |       |       ||    15
       Petrified         |       |       |       |       |     7 |       |       |       |       ||     7
  Eat: Chunk             |     4 |     4 |    10 |    25 |    26 |    31 |     5 |     3 |       ||   108
       Ration            |       |       |     2 |     1 |     1 |     8 |     4 |     4 |     2 ||    22
Armor: Skin              |    10 |    10 |    44 |    56 |    53 |   106 |    25 |    44 |     9 ||   357
Dodge: Dodged            |    51 |    68 |   196 |   204 |   364 |   525 |   124 |   207 |    74 ||  1813
       Deflected         |       |       |       |       |     2 |    25 |    31 |    40 |     6 ||   104
Block: Other             |    18 |    21 |    61 |    82 |   188 |   227 |    69 |    65 |    34 ||   765
